 Dungeon Crawl Stone Soup version bcrawl-1.27.3 (webtiles) character file.

Game seed: 12183045669416488410

226107 esc the Skirmisher (level 8, -6/71 HPs)
             Began as a Hill Orc Archaeologist on Oct 16, 2020.
             Mangled by an ogre
             ... wielding a +0 giant club
              (18 damage)
             ... on level 5 of the Dungeon.
             The game lasted 00:07:40 (4213 turns).

esc the Skirmisher (Hill Orc Archaeologist)         Turns: 4213, Time: 00:07:41

Health: -6/71      AC:  8    Str: 16    XL:     8   Next: 3%
Magic:  8/8        EV: 12    Int: 14    God:
Gold:   1685       SH:  0    Dex:  9    Spells: 7/7 levels left

rFire    . . .     SeeInvis .   k - +0 dagger (venom)
rCold    . . .     Gourm    .   (no shield)
rNeg     . . .     Faith    .   i - +2 leather armour {MR+}
rPois    .         Spirit   .   c - +1 hat
rElec    .         Reflect  .   (no cloak)
rCorr    .         Harm     .   (no gloves)
MR       +....                  d - +1 pair of boots
Stlth    ++++......             q - amulet of the acrobat
HPRegen  0.21/turn              m - ring of stealth
MPRegen  0.11/turn              y - ring of wizardry

@: no status effects
A: no striking features
a: no special abilities


You were on level 5 of the Dungeon.
You were hungry.

You visited 1 branch of the dungeon, and saw 5 of its levels.

You collected 1685 gold pieces.

Inventory:

Hand Weapons
 a - a +0 whip
 k - a +0 dagger of venom (weapon)
 p - a +3 dagger
Armour
 c - a +1 hat (worn)
 d - a +1 pair of boots (worn)
 i - a +2 leather armour of magic resistance (worn)
Jewellery
 m - a ring of stealth (left hand)
 q - an amulet of the acrobat (around neck)
 s - a +4 amulet of reflection
 y - a ring of wizardry (right hand)
Scrolls
 b - 2 scrolls of enchant armour
 g - 2 scrolls of magic mapping
 t - 2 scrolls of amnesia
 v - 2 scrolls of remove curse
 x - 3 scrolls of enchant weapon
 z - a scroll of teleportation {unknown}
 A - a scroll of fog {unknown}
Potions
 h - a potion of lignification
 j - 3 potions of curing
 l - a potion of haste
 n - a potion of heal wounds {unknown}
 o - a potion of magic {unknown}
 r - a potion of berserk rage {unknown}
 u - a potion of flight {unknown}
 w - a potion of resistance {unknown}
Comestibles
 e - 5 rations {!d}
 f - 4 chunks of flesh


   Skills:
 + Level 6.7 Fighting
   Level 6.7 Short Blades
   Level 6.7 Long Blades
   Level 6.7 Axes
   Level 6.7 Maces & Flails
   Level 6.7 Polearms
   Level 6.7 Staves
 + Level 4.1 Armour
 - Level 2.4 Dodging
 - Level 2.6 Stealth
   Level 6.7 Unarmed Combat


You had 7 spell levels left.
You didn't know any spells.
Your spell library contained the following spells:

 Spells                   Type           Power        Failure   Level  Hunger
 Magic Dart               Conj           #...         14%         1    None
 Blink                    Tloc           N/A          21%         2    ####...
 Call Imp                 Summ           #.....       21%         2    ####...
 Conjure Flame            Conj/Fire      #.......     38%         3    #####..
 Mephitic Cloud           Conj/Pois/Air  #.......     38%         3    #####..
 Spider Form              Tmut/Pois      #..          38%         3    #####..


Dungeon Overview and Level Annotations

Branches:
Dungeon (5/12)
 Temple: D:4-7

Altars:
Cheibriados
Elyvilon
Hepliaklqana
Lugonu
Qazlal
Trog
Uskayaw
Xom
Zin
The Shining One

Shops:
D:4 *


Message History

The ice beast looks more healthy.
You hit the ice beast but do no damage.
The ice beast is almost dead.
You hit the ice beast but do no damage.
The ice beast is almost dead.
The ice beast hits you. The ice beast freezes you.
You hit the ice beast.
The ice beast is almost dead.
The ice beast hits you. The ice beast freezes you!
* * * LOW HITPOINT WARNING * * *
You hit the ice beast.
You kill the ice beast!
Your Armour skill increases to level 4!
You have reached level 8!
You puncture the ogre!
The ogre is moderately wounded.
You hit the ogre but do no damage.
The ogre is poisoned.
The ogre is moderately wounded.
The ogre hits you with a +0 giant club!!
You die...

#......#
#......#
#......#
#......#
#......#
#......+
#......#
#@O....###
#####+##........
#......#........
#.....+.......[
##.....#........
#......#........
####'###........
#...............
#(..............


You could see an ogre.

Vanquished Creatures
  Duvessa (D:4)
  An ice beast (D:5)
  2 ogres
  Dowan (D:4)
  A crimson imp (D:5)
  An orc priest (D:5)
  An orc wizard (D:5)
  A centaur skeleton (D:5)
  Terence (D:2)
  2 worker ants
  A hound skeleton (D:5)
  8 adders
  3 gnolls (D:5)
  2 oozes
  An adder zombie (D:5)
  An adder skeleton (D:4)
  3 worms
  2 dart slugs
  4 leopard geckos
  7 orcs
  A giant cockroach (D:1)
  5 goblins
  10 hobgoblins
  12 jackals
  11 kobolds
  6 quokkas
  4 ball pythons
  9 bats
  7 frilled lizards
  A quokka skeleton (D:4)
  9 rats
119 creatures vanquished.

Notes
Turn   | Place    | Note
-------+----------+-------------------------------------------
     0 | D:1      | esc the Hill Orc Archaeologist began the quest for the Orb.
     0 | D:1      | Reached XP level 1. HP: 16/16 MP: 1/1
    51 | D:1      | Reached skill level 2 in Fighting
   207 | D:1      | Reached XP level 2. HP: 24/24 MP: 2/2
   911 | D:1      | Reached XP level 3. HP: 30/30 MP: 3/3
  1007 | D:1      | Found a shimmering altar of Xom.
  1259 | D:2      | Reached skill level 3 in Fighting
  1362 | D:2      | Found a hide-covered altar of Uskayaw.
  1417 | D:2      | Found a glowing golden altar of the Shining One.
  1544 | D:2      | Noticed Terence
  1555 | D:2      | Killed Terence
  1555 | D:2      | Reached XP level 4. HP: 39/39 MP: 4/4
  1795 | D:2      | Found a stormy altar of Qazlal.
  1920 | D:2      | Reached skill level 4 in Fighting
  1999 | D:2      | Reached XP level 5. HP: 36/46 MP: 5/5
  1999 | D:2      | Identified a scroll of acquirement
  2000 | D:2      | Identified the ring of Bodily Harmony {*Drain +Inv +Fly
                  | EV+5 Dex+3} (You acquired it on level 2 of the Dungeon)
  2158 | D:3      | Found a hazy altar of Hepliaklqana.
  2361 | D:3      | Found a glowing silver altar of Zin.
  2817 | D:4      | Found Otob's Assorted Antiques.
  2839 | D:4      | Noticed Dowan
  2841 | D:4      | Noticed Duvessa
  2849 | D:4      | Reached skill level 5 in Fighting
  2849 | D:4      | Reached XP level 6. HP: 56/56 MP: 6/6
  2865 | D:4      | Killed Duvessa
  2866 | D:4      | Killed Dowan
  3053 | D:4      | Reached skill level 6 in Fighting
  3053 | D:4      | Reached skill level 1 in Armour
  3053 | D:4      | Reached XP level 7. HP: 63/63 MP: 7/7
  3240 | D:4      | Found a snail-covered altar of Cheibriados.
  3240 | D:4      | Found a white marble altar of Elyvilon.
  3240 | D:4      | Found a corrupted altar of Lugonu.
  3414 | D:4      | Noticed a moth of wrath
  3417 | D:4      | Found a bloodstained altar of Trog.
  3732 | D:5      | Entered Level 5 of the Dungeon
  4211 | D:5      | Reached XP level 8. HP: 12/71 MP: 8/8
  4213 | D:5      | Mangled by an ogre

Skill      XL: |  1  2  3  4  5  6  7 |
---------------+----------------------+-----
Fighting       | 2 3 4 5 6 |  6.7
Armour         | 1 4 |  4.1
Short Blades   | |  6.7
Long Blades    | |  6.7
Axes           | |  6.7
Maces & Flails | |  6.7
Polearms       | |  6.7
Staves         | |  6.7
Dodging        | |  2.4
Stealth        | |  2.6
Unarmed Combat | |  6.7

Action                   |  1- 3 |  4- 6 |  7- 9 || total
-------------------------+-------+-------+-------++-------
Melee: Whip              |    39 |       |       ||    39
       Dagger            |    87 |   144 |   130 ||   361
       Punch             |       |     3 |     3 ||     6
  Use: Scroll            |     1 |     6 |     3 ||    10
 Stab: Sleeping          |     3 |     9 |     5 ||    17
  Eat: Chunk             |     5 |     4 |     6 ||    15
       Ration            |       |     1 |       ||     1
Armor: Robe              |    11 |       |       ||    11
       Ring mail         |    35 |    43 |       ||    78
       Leather armour    |       |       |    36 ||    36
Dodge: Dodged            |    79 |    59 |    61 ||   199
